[Event "Elite Hotels Open 2024"]
[Site "Elite Stadshotellet, Kungsgatan 6, Vaxjo, Sweden"]
[Date "2024.02.10"]
[Round "5.2"]
[White "Hillarp, Tiger"]
[Black "Crevatin, Leo"]
[Result "1-0"]
[TimeControl "15 minutes + 5 seconds per move from move one (Round 1 - 4) / 90 minutes + 30 seconds per move from move one (Round 5 - 8)"]
[WhiteTitle "GM"]
[BlackTitle "FM"]
[WhiteFideId "1700812"]
[BlackFideId "1726307"]
[WhiteElo "2476"]
[BlackElo "2303"]

1. Nf3 Nf6 2. g3 d5 3. Bg2 e6 4. O-O Be7 5. d3 c5 6. Nbd2 Nc6 7. e4 b5 8. Re1 b4 9. h4 a5 10.
a3 Ba6 11. exd5 exd5 12. axb4 axb4 13. Nb3 O-O 14. Bg5 c4 15. dxc4 Bxc4 16. Rxa8 Qxa8 17. Nbd4 Nxd4 18. Nxd4 Bd8 19.
Nf5 h6 20. Bf4 Qc8 21. Bh3 Qb7 22. Qd2 Ne4 23. Rxe4 dxe4 24. Qd4 Bf6 25. Qxc4 Bxb2 26. Bg2 Bc3 27. Bxe4 Qa7 28. Qd5 Qa1+ 29.
Kg2 Qe1 30. Ne7+ Kh8 31. Qf5 1-0

[Event "Elite Hotels Open 2024"]
[Site "Elite Stadshotellet, Kungsgatan 6, Vaxjo, Sweden"]
[Date "2024.02.10"]
[Round "5.3"]
[White "Pantzar, Milton"]
[Black "Eklund, Joel"]
[Result "1-0"]
[TimeControl "15 minutes + 5 seconds per move from move one (Round 1 - 4) / 90 minutes + 30 seconds per move from move one (Round 5 - 8)"]
[WhiteTitle "IM"]
[WhiteFideId "1721003"]
[BlackFideId "1705288"]
[WhiteElo "2468"]
[BlackElo "2258"]

1. d4 Nf6 2. Nf3 c5 3. d5 e6 4. c4 d6 5. Nc3 exd5 6. cxd5 g6 7. e4 a6 8. Be2 Bg4 9. O-O Bxf3 10.
Bxf3 Bg7 11. Bf4 O-O 12. e5 dxe5 13. Bxe5 Nbd7 14. Bg3 b5 15. Qc2 Nb6 16. d6 Ra7 17. a4 bxa4 18. Nxa4 Nxa4 19.
Rxa4 Qb6 20. Re1 Rd8 21. Rc4 Ne8 22. Rxc5 Nxd6 23. Rd1 Rad7 24. Rcd5 Bf6 25. Qd3 Qxb2 26. Bxd6 a5 27. Bc7 Rxd5 28.
Bxd5 Rd7 29. Bxa5 Kg7 30. g3 h5 31. h4 Rd6 32. Bc7 Rd7 33. Bf4 Qb4 34. Be3 Qg4 35. Bd4 g5 36. Bxf6+ Kxf6 37.
Qf3+ Ke5 38. Qc3+ Kf5 39. Be4+ Kxe4 40. Qe3+ 1-0

[Event "Elite Hotels Open 2024"]
[Site "Elite Stadshotellet, Kungsgatan 6, Vaxjo, Sweden"]
[Date "2024.02.10"]
[Round "5.4"]
[White "Kristensen, Kaare Hove"]
[Black "Johansson, Linus"]
[Result "1/2-1/2"]
[TimeControl "15 minutes + 5 seconds per move from move one (Round 1 - 4) / 90 minutes + 30 seconds per move from move one (Round 5 - 8)"]
[WhiteTitle "IM"]
[BlackTitle "IM"]
[WhiteFideId "1400940"]
[BlackFideId "1711113"]
[WhiteElo "2324"]
[BlackElo "2434"]

1. c4 Nf6 2. Nc3 c5 3. Nf3 d5 4. cxd5 Nxd5 5. g3 Nc7 6. Bg2 Nc6 7. O-O e5 8. d3 Be7 9. Nd2 Bd7 10.
Nc4 f6 11. f4 b5 12. Ne3 exf4 13. Rxf4 Rb8 14. Nf5 Bxf5 15. Rxf5 Nd4 16. Rf1 O-O 17. Bf4 Nde6 18. Qb3 Kh8 19.
Bxc7 Nxc7 20. Nd5 Bd6 21. Nxc7 Qxc7 22. Qd5 Rfd8 23. Be4 Be5 24. Qb3 g6 25. Rac1 f5 26. Bf3 Bd4+ 27. Kh1 Rf8 28.
Qc2 Qe5 29. b3 b4 30. Qc4 Rbe8 31. Rc2 h5 32. Qd5 Kg7 33. Qxe5+ Rxe5 34. e4 fxe4 35. dxe4 Rxe4 36. Kg2 Re5 37.
Be2 Rfe8 38. Bc4 R8e7 39. Rf3 Re1 40. Rf1 R1e4 41. Rf3 Re1 42. Rf1 a5 43. Rxe1 Rxe1 44. Kf3 g5 45. Re2 Rxe2 46.
Bxe2 g4+ 47. Kg2 Kf6 48. h3 Kf5 49. hxg4+ hxg4 50. Kf1 Bg7 51. Kf2 Bh6 52. Ke1 Bf8 53. Kf2 Bd6 54. Kg2 Ke4 55.
Bxg4 Kd3 56. Be6 Kc3 57. Kf3 Kb2 58. Ke4 Kxa2 59. Kd3 Ka3 60. Kc2 Bxg3 61. Bc4 Be5 62. Bg8 Bf6 63. Bf7 a4 64.
bxa4 Kxa4 65. Bb3+ Kb5 66. Kd3 Bg7 67. Be6 Ka4 68. Kc2 Kb5 69. Kb3 Kb6 1/2-1/2

[Event "Elite Hotels Open 2024"]
[Site "Elite Stadshotellet, Kungsgatan 6, Vaxjo, Sweden"]
[Date "2024.02.10"]
[Round "5.5"]
[White "Mashhadi, Peyman"]
[Black "Jepson, Christian"]
[Result "0-1"]
[TimeControl "15 minutes + 5 seconds per move from move one (Round 1 - 4) / 90 minutes + 30 seconds per move from move one (Round 5 - 8)"]
[BlackTitle "IM"]
[WhiteFideId "1768581"]
[BlackFideId "1701185"]
[WhiteElo "2073"]
[BlackElo "2386"]

1. Nf3 Nf6 2. d4 e6 3. c4 c5 4. d5 d6 5. Nc3 exd5 6. cxd5 g6 7. Bf4 a6 8. a4 Bg7 9. e4 O-O 10.
Bd3 Bg4 11. h3 Bxf3 12. Qxf3 Ne8 13. O-O Nd7 14. Rab1 Rb8 15. Qg3 Be5 16. Bxe5 dxe5 17. f4 exf4 18. Qxf4 Qe7 19. Nd1 Ne5 20.
Nf2 Nd6 21. Rbe1 f6 22. Bc2 c4 23. Ng4 Nxg4 24. Qxg4 Qe5 25. h4 Rbe8 26. h5 Qxh5 27. Qxh5 gxh5 28. Rf4 Re5 29. Kf2 Kg7 30.
Ke3 Rg5 31. Re2 Nf7 32. Kd4 Ne5 33. Kc5 b5 34. a5 Rb8 35. Kd6 Rb7 36. Ref2 Rg6 37. Rf5 b4 38. Ba4 b3 39. Bc6 Rb4 40.
Kc7 c3 41. bxc3 b2 42. Rxb2 Rxb2 43. d6 Rg5 44. Rxe5 Rxe5 45. d7 Re7 46. Kd6 Rxd7+ 47. Bxd7 Rxg2 48. c4 Rd2+ 49. Kc6 h4 50.
c5 Rxd7 51. Kxd7 h3 52. c6 h2 53. c7 h1=Q 54. c8=Q Qh3+ 55. Kc7 Qxc8+ 56. Kxc8 h5 57. Kb7 h4 58. Kxa6 h3 0-1

[Event "Elite Hotels Open 2024"]
[Site "Elite Stadshotellet, Kungsgatan 6, Vaxjo, Sweden"]
[Date "2024.02.10"]
[Round "5.6"]
[White "Akesson, Ralf"]
[Black "Ostlund, Joar"]
[Result "0-1"]
[TimeControl "15 minutes + 5 seconds per move from move one (Round 1 - 4) / 90 minutes + 30 seconds per move from move one (Round 5 - 8)"]
[WhiteTitle "GM"]
[BlackTitle "FM"]
[WhiteFideId "1700120"]
[BlackFideId "1735020"]
[WhiteElo "2378"]
[BlackElo "2327"]

1. c4 e6 2. Nf3 Nf6 3. g3 d5 4. Bg2 dxc4 5. Qa4+ Nbd7 6. Qxc4 c5 7. O-O b6 8. b3 Bb7 9. Bb2 Bd6 10.
Qc2 O-O 11. d3 Rc8 12. Nbd2 Qc7 13. Nc4 Be7 14. a4 a6 15. e4 b5 16. Ne3 Bd6 17. axb5 axb5 18. Ra7 Be7 19. e5 Nd5 20.
Nxd5 exd5 21. Nh4 Qb8 22. Rfa1 Bxh4 23. gxh4 Rc7 24. f4 d4 25. Bxb7 Rxb7 26. R7a6 Rb6 27. Qg2 b4 28. Qd5 Rxa6 29.
Rxa6 Qb5 30. Qc4 Qb7 31. Ra1 Qf3 32. Rf1 Qg4+ 33. Kh1 Qe2 34. Rg1 Qxb2 35. Qd5 Qf2 0-1

[Event "Elite Hotels Open 2024"]
[Site "Elite Stadshotellet, Kungsgatan 6, Vaxjo, Sweden"]
[Date "2024.02.10"]
[Round "5.7"]
[White "Eriksson, Kristian"]
[Black "Lindberg, Bengt"]
[Result "0-1"]
[TimeControl "15 minutes + 5 seconds per move from move one (Round 1 - 4) / 90 minutes + 30 seconds per move from move one (Round 5 - 8)"]
[BlackTitle "IM"]
[WhiteFideId "1705172"]
[BlackFideId "1700359"]
[WhiteElo "2035"]
[BlackElo "2331"]

1. e4 c5 2. Nf3 e6 3. Nc3 Nc6 4. Bb5 Nd4 5. Bc4 a6 6. d3 b5 7. Bb3 Nxb3 8. axb3 Bb7 9. O-O d6 10.
Be3 Nf6 11. Nd2 Be7 12. Qf3 O-O 13. Qg3 Kh8 14. Rfe1 h6 15. Qh3 Nh7 16. Rad1 Qc7 17. Ne2 Rae8 18. Qg3 Qd8 19. d4 cxd4 20.
Bxd4 e5 21. Bc3 f5 22. Nf4 Rf7 23. Ng6+ Kg8 24. Nxe7+ Qxe7 25. b4 Ref8 26. f3 Ng5 27. exf5 Rxf5 28. Ne4 Bxe4 29. fxe4 Rf4 30.
Qd3 Qa7+ 31. Kh1 Qf2 32. h3 Qh4 33. Qxd6 Nxe4 34. Qxe5 Nf2+ 35. Kg1 Nxh3+ 36. gxh3 Qg3+ 37. Kh1 Qxh3+ 0-1

[Event "Elite Hotels Open 2024"]
[Site "Elite Stadshotellet, Kungsgatan 6, Vaxjo, Sweden"]
[Date "2024.02.10"]
[Round "5.8"]
[White "Hector, Jonny"]
[Black "Karlsson, Jorgen"]
[Result "1-0"]
[TimeControl "15 minutes + 5 seconds per move from move one (Round 1 - 4) / 90 minutes + 30 seconds per move from move one (Round 5 - 8)"]
[WhiteTitle "GM"]
[WhiteFideId "1700090"]
[BlackFideId "1711679"]
[WhiteElo "2449"]
[BlackElo "2056"]

1. e4 d6 2. d4 Nd7 3. f4 e6 4. Nf3 Ne7 5. Bd3 c5 6. O-O cxd4 7. Nxd4 Nc6 8. Nf3 Nc5 9. Nc3 a6 10.
Be2 b5 11. a3 Bb7 12. b4 Nd7 13. Qe1 Rc8 14. Bd3 Be7 15. Bd2 Bf6 16. Rd1 Nd4 17. Kh1 Qc7 18. Nxd4 Bxd4 19. Ne2 Bf6 20.
c3 Nb6 21. Nd4 Nc4 22. Bc1 g6 23. Bxc4 bxc4 24. Nf3 Bg7 25. f5 O-O 26. Bf4 e5 27. Bc1 Rcd8 28. Qh4 f6 29. fxg6 hxg6 30.
Qg4 Qf7 31. Nh4 Kh7 32. Rf3 Bc8 33. Qg3 Be6 34. Rf2 d5 35. Rfd2 d4 36. cxd4 exd4 37. Rxd4 Rxd4 38. Rxd4 f5 39.
e5 c3 40. Nf3 Kg8 41. Rd6 f4 42. Qe1 Qf5 43. Rc6 Bd5 44. Rxc3 Bxf3 45. gxf3 Qxe5 46. Qxe5 Bxe5 47. Rc5 Re8 48.
Kg2 Kf7 49. Kh3 Ke6 50. Kg4 g5 51. Rc6+ Kd5 52. Rxa6 Rc8 53. Ra5+ Kd6 54. Rc5 Rh8 55. Rxe5 1-0

[Event "Elite Hotels Open 2024"]
[Site "Elite Stadshotellet, Kungsgatan 6, Vaxjo, Sweden"]
[Date "2024.02.10"]
[Round "5.9"]
[White "Fransson, Patrick"]
[Black "Jacobsen, Mikkel Manosri"]
[Result "1-0"]
[TimeControl "15 minutes + 5 seconds per move from move one (Round 1 - 4) / 90 minutes + 30 seconds per move from move one (Round 5 - 8)"]
[BlackTitle "FM"]
[WhiteFideId "1709305"]
[BlackFideId "1444514"]
[WhiteElo "2086"]
[BlackElo "2374"]

1. d4 d5 2. Bg5 f6 3. Bf4 c5 4. e3 Nc6 5. c3 Bf5 6. g4 Bg6 7. Bg2 e6 8. h4 h6 9. Ne2 Qb6 10.
Nd2 cxd4 11. exd4 Qxb2 12. O-O Bd3 13. Bg3 Kf7 14. Nf4 Bxf1 15. Rb1 Qxc3 16. Rxb7+ Nge7 17. Nxf1 Nxd4 18. Ne3 Rc8 19.
Kh2 g5 20. Nfxd5 exd5 21. Nxd5 Qc5 22. h5 Rg8 23. Qd3 Rg7 24. Qe4 Ne6 25. Qf5 Qd4 26. Nxe7 Bxe7 27. Bd5 Kf8 28. Qxe6 Rd8 29.
Rxe7 Qxd5 30. Re8+ Rxe8 31. Qxd5 Rf7 32. Qf5 Rd8 33. Qg6 Ke7 34. Qe4+ Kf8 35. Qe6 Kg7 36. Bd6 Rdd7 37. Bc5 Kg8 38. Qf5 Rc7 39. Bd4 Rc4 40. Qg6+ Kf8 41.
Qxh6+ Ke7 42. Be3 Rxg4 43. Qg6 Ke6 44. Kh3 Rh4+ 45. Kg3 Ra4 46. h6 Rc4 47. Bxg5 Rcc7 48. Qe4+ Kd7 49. h7 fxg5 50.
h8=Q Re7 51. Qd5# 1-0

[Event "Elite Hotels Open 2024"]
[Site "Elite Stadshotellet, Kungsgatan 6, Vaxjo, Sweden"]
[Date "2024.02.10"]
[Round "5.10"]
[White "Neretljak, Nedzad"]
[Black "Kistrup, Nicolai"]
[Result "0-1"]
[TimeControl "15 minutes + 5 seconds per move from move one (Round 1 - 4) / 90 minutes + 30 seconds per move from move one (Round 5 - 8)"]
[WhiteTitle "CM"]
[BlackTitle "FM"]
[WhiteFideId "1713132"]
[BlackFideId "1444816"]
[WhiteElo "2032"]
[BlackElo "2326"]

1. e4 e5 2. Nf3 Nc6 3. Bc4 Nf6 4. d3 Bc5 5. O-O O-O 6. a3 d6 7. b4 Bb6 8. h3 Ne7 9. Nc3 c6 10.
Bg5 Ng6 11. d4 h6 12. Be3 d5 13. exd5 e4 14. Ne5 cxd5 15. Bb3 Bc7 16. f4 exf3 17. Nxf3 Be6 18. Qd2 Ne4 19. Nxe4 dxe4 20.
d5 Bc8 21. Ne1 Qd6 22. Bc5 Qh2+ 23. Kf2 Bxh3 24. d6 Bd8 25. Qd5 Nf4 26. Qxb7 Nxg2 27. Nxg2 Qxg2+ 28. Ke3 Bg5+ 29. Kd4 Qd2+ 0-1

[Event "Elite Hotels Open 2024"]
[Site "Elite Stadshotellet, Kungsgatan 6, Vaxjo, Sweden"]
[Date "2024.02.10"]
[Round "5.11"]
[White "Falkevall, Axel"]
[Black "Bjorkman, Filip"]
[Result "1/2-1/2"]
[TimeControl "15 minutes + 5 seconds per move from move one (Round 1 - 4) / 90 minutes + 30 seconds per move from move one (Round 5 - 8)"]
[WhiteTitle "FM"]
[WhiteFideId "1735560"]
[BlackFideId "1734970"]
[WhiteElo "2290"]
[BlackElo "2046"]

1. e4 c5 2. Nf3 Nc6 3. Bb5 g6 4. Bxc6 dxc6 5. d3 Bg4 6. h3 Bxf3 7. Qxf3 Bg7 8. O-O e5 9. a4 Nf6 10.
Bg5 Qd6 11. Bxf6 Bxf6 12. Na3 O-O 13. Nc4 Qe6 14. Rae1 Bd8 15. Qg4 Qxg4 16. hxg4 Bc7 17. g3 Kg7 18. Kg2 b6 19. Rh1 f6 20.
Ref1 Rad8 21. f4 Rde8 22. Ne3 Rd8 23. b3 Rd7 24. Nc4 Rdd8 25. Rf3 Rde8 26. Rhf1 Rd8 27. Kh3 Rde8 28. Ne3 Rd8 29.
Kg2 Rde8 30. Kf2 Rd8 31. Ke2 a6 32. R3f2 Ra8 33. Rh1 Rae8 34. Rfh2 Rh8 35. Kf3 Ref8 36. Rf2 Rf7 37. Ke2 Rb8 38.
Kf3 Ra8 39. Kg2 Rd8 40. Rf3 Rff8 41. Kf2 Ra8 42. Ke2 b5 43. Ra1 Ba5 44. fxe5 fxe5 45. Rxf8 Kxf8 46. axb5 axb5 47. g5 Ke7 48.
Rh1 Rh8 49. Ra1 Bd8 50. Ng4 Kd6 51. Ra8 Bf6 52. Rxh8 Bxh8 53. c4 Bg7 54. Kf3 Ke6 55. Ne3 b4 56. Kg4 Bf8 1/2-1/2

[Event "Elite Hotels Open 2024"]
[Site "Elite Stadshotellet, Kungsgatan 6, Vaxjo, Sweden"]
[Date "2024.02.10"]
[Round "5.12"]
[White "Schriever-Abeln, Marius"]
[Black "Grahn, Vidar"]
[Result "0-1"]
[TimeControl "15 minutes + 5 seconds per move from move one (Round 1 - 4) / 90 minutes + 30 seconds per move from move one (Round 5 - 8)"]
[WhiteFideId "1752650"]
[BlackFideId "1744780"]
[WhiteElo "1848"]
[BlackElo "2234"]

1. d4 d5 2. c4 e6 3. Nc3 Nf6 4. cxd5 exd5 5. Bg5 c6 6. e3 h6 7. Bh4 Be6 8. Bd3 Nbd7 9. Nge2 g5 10. Bg3 Nh5 11. Qc2 Nxg3 12.
Nxg3 h5 13. O-O-O h4 14. Nf5 Qa5 15. Kb1 O-O-O 16. g4 Kb8 17. f3 c5 18. dxc5 Bxc5 19. Nd4 Bxd4 20. exd4 Nb6 21. Qe2 Nd7 22.
Rc1 Rhe8 23. Qd2 f6 24. f4 Qb4 25. Bg6 Rf8 26. Qe2 Bg8 27. Qe3 Nb6 28. Rhe1 Nc4 29. Qf2 Ka8 30. Re2 Rc8 31.
Ka1 Qa5 32. Rec2 Be6 33. f5 Bd7 34. Qf3 Bc6 35. Qd3 Nd6 36. h3 a6 37. Kb1 Rc7 38. Nd1 Rfc8 39. Rc5 Qb6 40. Ne3 Ne4 41.
R5c2 Ka7 42. Qa3 Qxd4 43. Rd1 Qb6 44. Qd3 Bb5 45. Qb3 Rxc2 46. Nxc2 Nd2+ 47. Rxd2 Qg1+ 48. Ne1 Qxe1+ 49. Qd1 Qe4+ 50.
Ka1 Ba4 51. b3 Qe5+ 52. Kb1 Bc6 53. Rd4 Ka8 54. Bf7 Qe3 55. Bxd5 Bxd5 56. Rxd5 Qxh3 57. Rd8 Qc3 58. Rxc8+ Qxc8 59.
Qd3 Qc6 60. Qd8+ Ka7 61. Qd4+ Qb6 62. Qc3 Qf2 63. Qd3 Qf4 64. Qc3 Qf1+ 65. Kb2 Qg2+ 66. Kb1 h3 67. Qd4+ b6 68. Qd7+ Qb7 69.
Qd6 a5 70. a4 Qe4+ 71. Kb2 Qg2+ 72. Kb1 Qe4+ 73. Kb2 Ka6 74. Qc7 Qd5 75. Kb1 Qxb3+ 76. Kc1 Qa3+ 77. Kd2 Qf3 78. Qc4+ Ka7 79.
Qc7+ Qb7 80. Qd6 Qg2+ 81. Kc3 Qf3+ 82. Kc2 Qe4+ 83. Kc1 Qf4+ 0-1

[Event "Elite Hotels Open 2024"]
[Site "Elite Stadshotellet, Kungsgatan 6, Vaxjo, Sweden"]
[Date "2024.02.10"]
[Round "5.13"]
[White "Silseth, Simon"]
[Black "Mattsson, Michael"]
[Result "1-0"]
[TimeControl "15 minutes + 5 seconds per move from move one (Round 1 - 4) / 90 minutes + 30 seconds per move from move one (Round 5 - 8)"]
[WhiteTitle "FM"]
[WhiteFideId "1702440"]
[BlackFideId "1708961"]
[WhiteElo "2228"]
[BlackElo "2033"]

1. c4 e5 2. Nc3 Nf6 3. Nf3 Nc6 4. g3 d5 5. cxd5 Nxd5 6. Bg2 Nb6 7. O-O Be7 8. d3 O-O 9. a3 a5 10.
Be3 Be6 11. Rc1 Nd5 12. Nxd5 Bxd5 13. Qa4 Bf6 14. Nd2 Bxg2 15. Kxg2 Nd4 16. Bxd4 exd4 17. Qb5 Qe8 18. Qxe8 Rfxe8 19. Rxc7 Rxe2 20. Rfc1 Kf8 21. R1c2 b5 22. Kf3 Re7 23. Ne4 Rxc7 24. Rxc7 Be7 25. Rb7 b4 26. a4 Ke8 27. Nd2 Rc8 28.
Nc4 Rc5 29. Ra7 Rf5+ 30. Ke2 h5 31. Rxa5 Rxa5 32. Nxa5 Kd7 33. Nb3 Bf6 34. Kf3 1-0

[Event "Elite Hotels Open 2024"]
[Site "Elite Stadshotellet, Kungsgatan 6, Vaxjo, Sweden"]
[Date "2024.02.10"]
[Round "5.14"]
[White "Frisk, Ellinor"]
[Black "Dingertz, Filip"]
[Result "1-0"]
[TimeControl "15 minutes + 5 seconds per move from move one (Round 1 - 4) / 90 minutes + 30 seconds per move from move one (Round 5 - 8)"]
[WhiteTitle "WIM"]
[WhiteFideId "1708481"]
[BlackFideId "1757288"]
[WhiteElo "2141"]
[BlackElo "1801"]

1. Nf3 d5 2. c4 e6 3. g3 dxc4 4. Na3 a6 5. Nxc4 b5 6. Ne3 Bb7 7. Bg2 Nd7 8. O-O Ngf6 9. d3 Be7 10.
b3 O-O 11. Bb2 c5 12. Qc2 Rc8 13. Rac1 Qb6 14. Rfd1 Rfd8 15. Qc3 Bf8 16. Ne5 Bxg2 17. Kxg2 Qb7+ 18. Kg1 Nd5 19. Qd2 N7b6 20.
Ba1 f6 21. Nf3 e5 22. Nxd5 Nxd5 23. Qb2 Qd7 24. Nh4 g5 25. Ng2 h5 26. Qd2 Bh6 27. Ne3 Nxe3 28. Qxe3 Qd6 29. Qe4 Kg7 30.
Rc2 g4 31. Bb2 Rc7 32. Qf5 Bg5 33. Bc1 Bxc1 34. Rdxc1 Rh8 35. b4 c4 36. dxc4 bxc4 37. Rxc4 Rxc4 38. Rxc4 Qd1+ 39. Kg2 Qd5+ 40.
Qe4 Qxe4+ 41. Rxe4 Rc8 42. Re3 Rc2 43. Ra3 Rb2 44. Ra4 a5 45. bxa5 Rb7 46. a6 Ra7 47. f3 f5 48. Kf2 Kf6 49. Ke3 Ke6 50. f4 exf4+ 51. Kxf4 Kf6 52. Ra5 Ke6 53. a3 Kf6 54. Rxf5+ Kg6 55. Ra5 Rf7+ 56. Ke3 1-0

[Event "Elite Hotels Open 2024"]
[Site "Elite Stadshotellet, Kungsgatan 6, Vaxjo, Sweden"]
[Date "2024.02.10"]
[Round "5.15"]
[White "Karde, Douglas"]
[Black "Fransson, Jorgen"]
[Result "0-1"]
[TimeControl "15 minutes + 5 seconds per move from move one (Round 1 - 4) / 90 minutes + 30 seconds per move from move one (Round 5 - 8)"]
[WhiteFideId "1761498"]
[BlackFideId "1701827"]
[WhiteElo "1780"]
[BlackElo "2134"]

1. e4 c5 2. Nf3 g6 3. d4 cxd4 4. Nxd4 Bg7 5. Nc3 Nc6 6. Be3 Nf6 7. Bc4 O-O 8. Bb3 Qc7 9. f3 a6 10.
Qd2 b5 11. O-O-O Bb7 12. Kb1 Na5 13. h4 h5 14. g4 e6 15. gxh5 Nxh5 16. Bh6 Bxh6 17. Qxh6 Qf4 18. Nf5 Qxh6 19.
Nxh6+ Kg7 20. Ng4 d5 21. exd5 b4 22. Ne4 Nxb3 23. axb3 Bxd5 24. Ne3 Bxe4 25. fxe4 Rad8 26. e5 Ng3 27.
Rhg1 Nf5 28. Nxf5+ exf5 29. Rdf1 Kh6 30. h5 Kxh5 31. Rh1+ Kg5 32. Rhg1+ Kh6 33. Rh1+ Kg7 34. Rhg1 Rfe8 35.
Rxf5 Rd5 36. Rf6 Rdxe5 37. Rxa6 Re1+ 38. Rxe1 Rxe1+ 39. Ka2 g5 40. Ra5 Kg6 41. c4 g4 42. c5 g3 43. Ra8 Kg7 44.
c6 g2 45. c7 Rc1 46. c8=Q Rxc8 47. Rxc8 f5 48. Rc2 g1=Q 49. Rc7+ Kf6 50. Rf7+ Ke6 51. Rf6+ Kd7 52. Rd6+ Kc7 53.
Rd7+ Kc6 54. Rc7+ Kb5 0-1

[Event "Elite Hotels Open 2024"]
[Site "Elite Stadshotellet, Kungsgatan 6, Vaxjo, Sweden"]
[Date "2024.02.10"]
[Round "5.16"]
[White "Banerjee, Aryan"]
[Black "Nilsson, Eskil"]
[Result "1/2-1/2"]
[TimeControl "15 minutes + 5 seconds per move from move one (Round 1 - 4) / 90 minutes + 30 seconds per move from move one (Round 5 - 8)"]
[WhiteFideId "1765035"]
[BlackFideId "1716220"]
[WhiteElo "1752"]
[BlackElo "2117"]

1. Nf3 Nf6 2. g3 g6 3. Bg2 Bg7 4. O-O c5 5. c4 O-O 6. Nc3 Nc6 7. d4 d6 8. dxc5 dxc5 9. Be3 Be6 10.
Rc1 Qa5 11. Qb3 Qa6 12. Na4 Na5 13. Qb5 Qxb5 14. cxb5 b6 15. b3 Rad8 16. Rfd1 Nb7 17. Ne5 Rxd1+ 18. Rxd1 Nd6 19. Bc6 Ng4 20.
Nxg4 Bxg4 21. f3 Be6 22. Bf4 Nf5 23. e3 c4 24. bxc4 Bxc4 25. g4 Nd6 26. Bxd6 exd6 27. Rxd6 Be6 28.
Rd3 Bf6 29. Kf2 h5 30. h3 hxg4 31. hxg4 Kg7 32. Kg3 Rh8 33. Kg2 Be5 34. f4 Bb8 35. Nc3 Bxg4 36. Nd5 Bh3+ 37. Kg1 Rd8 38.
Nb4 Rxd3 39. Nxd3 Be6 1/2-1/2

[Event "Elite Hotels Open 2024"]
[Site "Elite Stadshotellet, Kungsgatan 6, Vaxjo, Sweden"]
[Date "2024.02.10"]
[Round "6.1"]
[White "Jepson, Christian"]
[Black "Hillarp, Tiger"]
[Result "1/2-1/2"]
[TimeControl "15 minutes + 5 seconds per move from move one (Round 1 - 4) / 90 minutes + 30 seconds per move from move one (Round 5 - 8)"]
[WhiteTitle "IM"]
[BlackTitle "GM"]
[WhiteFideId "1701185"]
[BlackFideId "1700812"]
[WhiteElo "2386"]
[BlackElo "2476"]

1. c4 e6 2. Nf3 d5 3. d4 Nf6 4. Nc3 c6 5. Bg5 Nbd7 6. e3 h6 7. Bh4 g5 8. Bg3 Nh5 9. Qc2 Nxg3 10.
hxg3 Bg7 11. O-O-O Qe7 12. e4 dxe4 13. Qxe4 f5 14. Qc2 g4 15. Nh4 Qg5+ 16. Kb1 O-O 17. Ne2 Rd8 18. f4 Qf6 19.
Nc3 b5 20. cxb5 cxb5 21. Bxb5 Nb6 22. Qe2 Qf7 23. Rhe1 Rxd4 24. Bc6 Rb8 25. Rxd4 Bxd4 26. Qd3 Qf6 27. Nb5 Bc5 28. Qc2 Bf8 29.
Re5 Nd7 30. Re2 Bg7 31. Nc7 Nf8 32. Ne8 Qd4 33. Nxg7 Qg1+ 34. Qc1 Qxc1+ 35. Kxc1 Kxg7 36. Rc2 Kf6 37. a3 Bb7 38. b4 Bxc6 39.
Rxc6 Rb7 40. Rc8 Kf7 41. Kc2 a5 42. bxa5 Ra7 43. Kb3 Rxa5 44. Rc7+ Kf6 45. a4 Rd5 46. Kb4 Nd7 47. a5 Nb8 48.
Ka4 h5 49. Rc8 Na6 50. Ra8 Rd4+ 51. Kb3 Nc5+ 52. Kc3 Ra4 53. Ra7 Ne4+ 54. Kb3 Nc5+ 55. Kc3 Ne4+ 56. Kb3 Nc5+ 1/2-1/2

[Event "Elite Hotels Open 2024"]
[Site "Elite Stadshotellet, Kungsgatan 6, Vaxjo, Sweden"]
[Date "2024.02.10"]
[Round "6.2"]
[White "Lindberg, Bengt"]
[Black "Pantzar, Milton"]
[Result "1/2-1/2"]
[TimeControl "15 minutes + 5 seconds per move from move one (Round 1 - 4) / 90 minutes + 30 seconds per move from move one (Round 5 - 8)"]
[WhiteTitle "IM"]
[BlackTitle "IM"]
[WhiteFideId "1700359"]
[BlackFideId "1721003"]
[WhiteElo "2331"]
[BlackElo "2468"]

1. e4 c6 2. d4 d5 3. Nc3 dxe4 4. Nxe4 Nf6 5. Nxf6+ exf6 6. Bc4 Na6 7. c3 Nc7 8. Ne2 Bd6 9.
Bf4 O-O 10. O-O Be6 11. Bb3 Re8 12. Bg3 f5 13. Qd2 Bxb3 14. Bxd6 Qxd6 15. axb3 g6 16. Nf4 c5 17. d5 Nb5 18.
g3 Qb6 19. Rfe1 Nd6 20. Qc2 Re4 21. Rxe4 fxe4 22. Re1 Qd8 23. c4 b5 24. Qc3 Rb8 25. h4 h5 26. Ra1 Qb6 27. cxb5 Nxb5 28.
Qe5 Nd6 29. Re1 Re8 30. Qf6 Qd8 31. Qc3 Qb6 32. Qf6 Nf5 33. Nxh5 Rb8 34. Qe5 Qd6 35. Nf6+ Kh8 36. Qc3 Nd4 37.
Nxe4 Qxd5 38. Qe3 Kg7 39. Qf4 Re8 40. Qf6+ Kg8 41. Qf4 Kg7 42. Qf6+ Kg8 43. Qf4 Kg7 1/2-1/2

[Event "Elite Hotels Open 2024"]
[Site "Elite Stadshotellet, Kungsgatan 6, Vaxjo, Sweden"]
[Date "2024.02.10"]
[Round "6.3"]
[White "Seo, Jung Min"]
[Black "Ostlund, Joar"]
[Result "1-0"]
[TimeControl "15 minutes + 5 seconds per move from move one (Round 1 - 4) / 90 minutes + 30 seconds per move from move one (Round 5 - 8)"]
[WhiteTitle "IM"]
[BlackTitle "FM"]
[WhiteFideId "1734687"]
[BlackFideId "1735020"]
[WhiteElo "2466"]
[BlackElo "2327"]

1. e4 e5 2. Nf3 Nc6 3. Bb5 Nf6 4. d3 d6 5. c3 Bd7 6. Nbd2 a6 7. Ba4 g6 8. O-O Bg7 9. Re1 O-O 10. Nf1 h6 11. Ng3 Re8 12.
h3 d5 13. Be3 Qe7 14. b4 dxe4 15. dxe4 Nd8 16. Bc2 b6 17. Qd2 Kh7 18. Rad1 a5 19. a3 Nb7 20. Nxe5 Qxe5 21. Bf4 Qe7 22.
e5 Bc6 23. exf6 Qxf6 24. Rxe8 Rxe8 25. Nh5 Qxc3 26. Nxg7 Qxd2 27. Rxd2 Kxg7 28. Bxc7 axb4 29. axb4 b5 30. f3 Re7 31.
Bb6 Rd7 32. Re2 Nd6 33. Bd4+ Kf8 34. Kf2 Nc4 35. Bf6 Na3 36. Bb3 Rd3 37. Re3 Rd2+ 38. Re2 Rd3 39. Ba2 Bd5 40. Bxd5 Rxd5 41.
Ra2 Rd6 42. Be5 Rd5 43. f4 Nc4 44. Bf6 Ke8 45. Re2+ Kd7 46. Re7+ Kd6 47. Rxf7 Rd2+ 48. Kf3 Rd3+ 49. Ke4 Rg3 50.
Be5+ Nxe5 51. fxe5+ Ke6 52. Rf6+ Ke7 53. Rf2 Rb3 54. Kd5 Rxb4 55. Rf6 Rb2 56. Rxg6 Rd2+ 57. Ke4 h5 58. g4 hxg4 59.
hxg4 Re2+ 60. Kf4 Rf2+ 61. Ke3 Rg2 62. Kf3 Rb2 63. Rb6 b4 64. g5 Rb1 65. g6 Rg1 66. Kf4 b3 67. Kf5 Rf1+ 68.
Kg5 Rg1+ 69. Kh6 Rh1+ 70. Kg7 Rb1 71. Kg8 b2 72. g7 Kd7 73. Rd6+ Ke7 74. Rd2 Ke6 75. Re2 Kd7 76. Rh2 Ke7 77.
Kh7 1-0

[Event "Elite Hotels Open 2024"]
[Site "Elite Stadshotellet, Kungsgatan 6, Vaxjo, Sweden"]
[Date "2024.02.10"]
[Round "6.4"]
[White "Johansson, Linus"]
[Black "Sorensen, Hampus"]
[Result "1/2-1/2"]
[TimeControl "15 minutes + 5 seconds per move from move one (Round 1 - 4) / 90 minutes + 30 seconds per move from move one (Round 5 - 8)"]
[WhiteTitle "IM"]
[BlackTitle "IM"]
[WhiteFideId "1711113"]
[BlackFideId "8703884"]
[WhiteElo "2434"]
[BlackElo "2430"]

1. d4 d5 2. c4 c6 3. Nf3 Nf6 4. Nc3 e6 5. e3 a6 6. Bd3 dxc4 7. Bxc4 b5 8. Be2 Bb7 9. O-O c5 10.
dxc5 Bxc5 11. Qxd8+ Kxd8 12. Nd2 Nbd7 13. Nb3 Bb4 14. Bd2 Nc5 15. Nc1 Ke7 16. a3 Bxc3 17. Bxc3 Rhc8 18. Bd4 Nfd7 19.
Bd1 Na4 20. Bxa4 bxa4 21. Nd3 f6 22. f3 Bc6 23. Rfc1 Bb5 24. Rxc8 Rxc8 25. Rc1 Rxc1+ 26. Nxc1 Bc4 27. e4 e5 28. Bc3 Ke6 29. Bb4 g6 30.
Kf2 Nb6 31. Bc5 Nd7 32. Bb4 Nb6 33. Bc3 Bb5 34. Na2 Bc4 35. Nb4 Bb5 36. g3 Kd6 37. Nc2 Nc4 38. h4 Ke6 39. Ne1 Nb6 40.
Ng2 Nc4 41. g4 h5 42. Kg3 hxg4 43. Kxg4 Bc6 44. Ne1 Nd6 45. Nd3 Bb5 46. Nc5+ Kf7 47. f4 Nxe4 48. Nxe4 f5+ 49. Kf3 1/2-1/2